 Dungeon Crawl Stone Soup version 0.19-a0-1834-g6b7851e (webtiles) character file.

63 varam the Ruffian (level 3, -1/33 HPs)
             Began as a Troll Transmuter on Oct 9, 2016.
             Slain by Grinder (7 damage)
             ... while paralysed by Grinder
             ... on level 4 of the Dungeon.
             The game lasted 00:04:44 (1580 turns).

varam the Ruffian (Troll Transmuter)                Turns: 1580, Time: 00:04:45

Health: -1/33      AC:  5    Str: 18    XL:     3   Next: 89%
Magic:  3/4        EV:  1    Int:  9    God:
Gold:   116        SH:  0    Dex: 11    Spells: 1 memorised, 4 levels left

rFire  . . .     SeeInvis .     j - +4 whip
rCold  . . .     Gourm    +     b - +0 robe
rNeg   . . .     Faith    .     (no shield)
rPois  .         Spirit   .     (helmet restricted)
rElec  .         Dismiss  .     (no cloak)
rCorr  .         Reflect  .     (gloves unavailable)
MR     .....     Harm     .     (boots unavailable)
Stlth  +.........               (no amulet)
                                (no ring)
                                (no ring)

@: paralysed, appendage (expiring)
A: unfitting armour, claws 3, horns 2, fast metabolism 3, gourmand, regeneration
1, shaggy fur 1, tough skin 2
a: End Transformation


You were on level 4 of the Dungeon.
You were not hungry.
You had grown temporary horns.
You visited 1 branch of the dungeon, and saw 4 of its levels.

You collected 116 gold pieces.

Inventory:

Hand Weapons
 j - a +4 whip (weapon)
Missiles
 a - 42 arrows
Armour
 b - a +0 robe (worn)
Scrolls
 e - a scroll of noise {unknown}
 g - a scroll of amnesia {unknown}
 k - a scroll of fog {unknown}
 l - 2 scrolls of identify {unknown}
 n - a scroll of remove curse {unknown}
Potions
 f - a potion of invisibility {unknown}
 h - a potion of cure mutation {unknown}
 i - a potion of lignification {unknown}
 o - a potion of curing {unknown}
Books
 c - a book of Changes

   Spells                             Type                      Level
   a - Beastly Appendage              Transmutation                1
   b - Sticks to Snakes               Transmutation                2
   c - Spider Form                    Transmutation/Poison         3
   d - Ice Form                       Ice/Transmutation            4
   e - Blade Hands                    Transmutation                5
Comestibles
 d - 2 bread rations
 m - a meat ration


   Skills:
 + Level 1.0 Fighting
 + Level 2.1 Dodging
 * Level 3.8 Unarmed Combat
 - Level 1.5 Spellcasting
 - Level 1.6 Transmutations


You had 4 spell levels left.
You knew the following spells:

 Your Spells              Type           Power        Failure   Level  Hunger
a - Beastly Appendage     Tmut           #.....       17%         1    ##.....


Dungeon Overview and Level Annotations

Branches:
Dungeon (4/15)
 Temple: D:4-7

Altars:

Annotations:
D:4 Grinder


Innate Abilities, Weirdness & Mutations

You are too large for most types of armour.
You have claws for hands.
Your metabolism is lightning-fast.
You like to eat raw meat.
Your natural rate of healing is unusually fast.
You are covered in fur. (AC +1)
You have very tough skin. (AC +2)
You have a pair of horns on your head.


Message History

You hit Grinder but do no damage.
Grinder is lightly wounded.
Grinder closely misses you.
You closely miss Grinder.
Grinder is lightly wounded.
Grinder hits you.
You writhe in agony.
You hit Grinder but do no damage.
Grinder is lightly wounded.
Grinder gestures at you. You resist with significant effort.
You whack Grinder!
Grinder is moderately wounded.
Grinder gestures at you.
You suddenly lose the ability to move!
Grinder hits you!
* * * LOW HITPOINT WARNING * * *
You writhe in agony.
* * * LOW HITPOINT WARNING * * *
Grinder hits you!
You die...

#. .# #.
.# #. .#
###<# .#
....#.###
#....(.
#....#
#..@.#
#...5#
#.....#
......##
####..#.
#..##.
#..# #
#...


You could see Grinder.

Vanquished Creatures
  4 dart slugs
  A leopard gecko (D:1)
  6 bats
  5 giant cockroaches
  7 goblins
  5 hobgoblins
  4 jackals (D:2)
  6 kobolds
  3 quokkas (D:2)
  3 frilled lizards (D:2)
  5 rats
49 creatures vanquished.

Vanquished Creatures (others)
  A goblin (D:1)
1 creature vanquished.

Grand Total: 50 creatures vanquished

Notes
Turn   | Place    | Note
-------+----------+-------------------------------------------
     0 | D:1      | varam the Troll Transmuter began the quest for the Orb.
     0 | D:1      | Reached XP level 1. HP: 18/18 MP: 1/1
   101 | D:1      | Reached XP level 2. HP: 26/26 MP: 0/3
   718 | D:2      | Reached XP level 3. HP: 32/32 MP: 2/4
  1408 | D:2      | Reached skill level 1 in Fighting
  1556 | D:3      | Noticed a scorpion
  1571 | D:4      | Noticed Grinder
  1578 | D:4      | Paralysed by Grinder for 3 turns
  1580 | D:4      | Slain by Grinder

Vault maps used:
D:1:      mainiacjoe_arrival_reflecting_pool, moated_statue, bh_walls_and_bars
D:3:      overflow_temple_1_default, dk_noncrumbling_3
D:4:      lemuel_doored_altar, kennysheep_slug_shrine, uniq_grinder

Skill      XL: |  1  2  3 |
---------------+----------+-----
Dodging        | 2 |  2.1
Fighting       | 1 |  1.0
Unarmed Combat | |  3.8
Spellcasting   | |  1.5
Transmutations | |  1.6

Action                   || total
-------------------------++-------
Melee: Unarmed           ||    68
       Headbutt          ||     5
       Kick              ||     3
       Punch             ||     2
       Whip              ||    63
 Cast: Beastly Appendage ||    22
  Eat: Chunk             ||    13
Armor: Robe              ||    58
Dodge: Dodged            ||    83
